 Dungeon Crawl Stone Soup version 0.26-a0-597-gb535b0901c (webtiles) character file.

Game seed: 1109584222535420516

3040 Hores the Geomancer (level 9, -3/45 HPs)
             Began as a Gargoyle Earth Elementalist on Aug 27, 2020.
             Was a Believer of Vehumet.
             Slain by a wolf (7 damage)
             ... led by Grum
             ... on level 8 of the Dungeon.
             The game lasted 00:16:19 (8118 turns).

Hores the Geomancer (Gargoyle Earth Elementalist)   Turns: 8118, Time: 00:16:19

Health: -3/45      AC: 13    Str:  9 (12) XL:     9   Next: 86%
Magic:  13/20      EV: 12    Int: 16 (19) God:    Vehumet [**....]
Gold:   355        SH:  5    Dex:  9 (10) Spells: 13/22 levels left

rFire    + + .     SeeInvis .   A - +5 whip (elec)
rCold    + . .     Faith    .   (no shield)
rNeg     + + .     Spirit   .   u - +0 robe (curse)
rPois    ∞         Reflect  +   f - +2 helmet
rElec    +         Harm     .   e - scarf {rC+ rF+}
rCorr    .                      C - +1 pair of gloves
MR       .....                  (no boots)
Stlth    ++........             a - amulet of reflection
HPRegen  0.15/turn              d - ring of protection from fire
MPRegen  0.17/turn              x - ring of positive energy

@: brilliant, stab
A: negative energy resistance 1, electricity resistance, unbreathing,
petrification resistance, rot immunity, AC +6
a: Renounce Religion


You were on level 8 of the Dungeon.
You worshipped Vehumet.
Vehumet was pleased with you.
You visited 2 branches of the dungeon, and saw 10 of its levels.

You collected 355 gold pieces.

Inventory:

Hand Weapons
 p - a +0 morningstar
 z - a +3 morningstar
 A - a +5 whip of electrocution (weapon)
Missiles
 b - 54 stones (quivered)
Armour
 c - a +0 robe
 e - a scarf of resistance (worn)
 f - a +2 helmet (worn)
 u - a cursed +0 robe (worn)
 v - a +1 cloak
 C - a +1 pair of gloves (worn)
Jewellery
 a - an amulet of reflection (around neck)
 d - a ring of protection from fire (left hand)
 g - an uncursed amulet of the acrobat
 w - an uncursed ring of fire
 x - a ring of positive energy (right hand)
Wands
 q - a wand of paralysis (12)
Scrolls
 j - a scroll of blinking
 n - a scroll of fear
Potions
 k - 2 potions of lignification
 t - a potion of mutation {unknown}
 B - a potion of flight {unknown}


   Skills:
 - Level 1.5 Dodging
 - Level 2.1 Stealth
 + Level 7.4 Spellcasting
 + Level 8.2 Conjurations
   Level 0.7 Transmutations
 + Level 10.0 Earth Magic


You had 13 spell levels left.
You knew the following spells:

 Your Spells              Type           Power        Failure   Level
a - Sandblast             Erth           ######       1%          1
b - Stone Arrow           Conj/Erth      ######       1%          3
c - Lee's Rapid Deconstr  Erth           ######....   5%          5

Your spell library contained the following spells:

 Spells                   Type           Power        Failure   Level
 Magic Dart               Conj           ####         1%          1
 Passwall                 Tmut/Erth      ####....     1%          2
 Petrify                  Tmut/Erth      ####....     13%         4


Dungeon Overview and Level Annotations

Branches:
Dungeon (9/15)             Temple (1/1) D:5
   Lair: D:8-11         Orc: D:9-12

Altars:
Cheibriados
Dithmenos
Elyvilon
Fedhas
Gozag
Kikubaaqudgha
Makhleb
Nemelex Xobeh
Okawaru
Qazlal
Ru
Sif Muna
Trog
Uskayaw
Vehumet
Wu Jian
Yredelemnul
The Shining One

Shops:
D:7 *

Annotations:
D:3 3 runed translucent doors, hemabe71's ghost, amateur HuAr
D:8 Grum


Innate Abilities, Weirdness & Mutations

You are resistant to torment.
Your stone body is resilient. (AC +6)
You are immune to poison.
You resist negative energy. (rN+)
You are resistant to electric shocks. (rElec)
You can survive without breathing.
You are immune to petrification.
You are immune to rotting.


Message History

Things that are here:
a +0 club; a +0 scale mail; an orc corpse The orc shouts!
You hit the orc. Lightning courses through the orc!
You kill the orc!
Vehumet accepts your kill. The wolf bites you but does no damage.
You closely miss the wolf. The wolf bites you but does no damage.
Unknown command.
You hit the wolf.
The wolf is moderately wounded.
The wolf bites you.
* * * LOW HITPOINT WARNING * * *
The wolf bites you.
* * * LOW HITPOINT WARNING * * *
Grum the Hunter comes into view.
He is wielding a -1 spear.
You miss the wolf.
The wolf is moderately wounded.
The wolf misses you. The wolf bites you!
You die...

#..##
#..#
##.#
#.#
#.##
#>.#
##.#
#)#
#@#
#h#
#o#
.o.
...
....#
....#
#...g#


You could see Grum, a wolf, an orc wizard and an orc.

Vanquished Creatures
  Grinder (D:4)
  2 water moccasins
  A sky beast (D:5)
  A hornet zombie (D:7)
  An orc warrior (D:7)
  A black bear (D:7)
  A necrophage (D:6)
  3 ogres (D:7)
  A wolf (D:8)
  3 centaurs
  A crocodile (D:7)
  4 bullfrogs
  A water moccasin zombie (D:6)
  A jelly (D:6)
  A killer bee (D:9)
  5 wights (D:7)
  A howler monkey (D:5)
  A centaur skeleton (D:5)
  A hound (D:6)
  3 orc priests
  2 bullfrog skeletons (D:5)
  Ijyb (D:3)
  2 iguanas
  10 orc wizards
  5 worker ants
  A worker ant zombie (D:6)
  6 adders
  2 shadow imps (D:5)
  3 white imps
  3 oozes
  2 adder skeletons
  2 dart slugs
  3 leopard geckos
  30 orcs
  3 ball pythons
  7 goblins
  3 hobgoblins
  6 jackals (D:7)
  3 quokkas
  6 bats
  4 frilled lizards
  3 kobolds
  A leopard gecko skeleton (D:6)
  A quokka zombie (D:6)
  8 rats
151 creatures vanquished.

Notes
Turn   | Place    | Note
-------+----------+-------------------------------------------
     0 | D:1      | Hores the Gargoyle Earth Elementalist began the quest for
                  | the Orb.
     0 | D:1      | Reached XP level 1. HP: 10/10 MP: 3/3
   577 | D:1      | Reached XP level 2. HP: 15/15 MP: 5/5
   600 | D:1      | Reached skill level 4 in Earth Magic
   858 | D:1      | Reached XP level 3. HP: 12/19 MP: 6/6
   865 | D:1      | Learned a level 3 spell: Stone Arrow
  1823 | D:2      | Reached skill level 1 in Conjurations
  1877 | D:2      | Reached XP level 4. HP: 24/24 MP: 5/8
  1932 | D:2      | Found a sparkling altar of Nemelex Xobeh.
  1933 | D:2      | Found an opulent altar of Gozag.
  2157 | D:3      | Found a shadowy altar of Dithmenos.
  2255 | D:3      | Found a runed translucent gate.
  2255 | D:3      | Found a runed translucent gate.
  2255 | D:3      | Found a runed translucent gate.
  2316 | D:3      | Noticed hemabe71's ghost (amateur HuAr)
  2721 | D:4      | Noticed Ijyb
  2778 | D:4      | Paralysed by Ijyb for 2 turns
  2783 | D:4      | Noticed Grinder
  2793 | D:3      | Paralysed by Ijyb for 6 turns
  2801 | D:3      | Paralysed by Ijyb for 2 turns
  2808 | D:3      | Killed Ijyb
  2808 | D:3      | Reached skill level 5 in Earth Magic
  2808 | D:3      | Reached XP level 5. HP: 16/28 MP: 0/9
  3146 | D:4      | Killed Grinder
  3146 | D:4      | Reached skill level 6 in Earth Magic
  3146 | D:4      | Reached XP level 6. HP: 29/32 MP: 1/12
  3435 | D:4      | Noticed a troll
  3623 | D:4      | Learned a level 5 spell: Lee's Rapid Deconstruction
  4227 | D:5      | Entered Level 5 of the Dungeon
  4240 | D:5      | Reached XP level 7. HP: 30/36 MP: 13/13
  4887 | D:5      | Reached skill level 7 in Earth Magic
  5252 | D:5      | Found a staircase to the Ecumenical Temple.
  5264 | D:5      | Reached skill level 5 in Spellcasting
  5266 | Temple   | Entered the Ecumenical Temple
  5433 | Temple   | Became a worshipper of Vehumet
  5561 | D:6      | Reached skill level 5 in Conjurations
  5561 | D:6      | Reached XP level 8. HP: 39/41 MP: 15/15
  5635 | D:6      | Reached skill level 8 in Earth Magic
  6198 | D:6      | Found a glowing golden altar of the Shining One.
  6198 | D:6      | Found a burning altar of Makhleb.
  6198 | D:6      | Found a basalt altar of Yredelemnul.
  6198 | D:6      | Found a sacrificial altar of Ru.
  6788 | D:7      | Reached XP level 9. HP: 45/45 MP: 15/18
  6821 | D:7      | Found an ornate altar of the Wu Jian Council.
  6836 | D:7      | Reached * piety under Vehumet
  6836 | D:7      | Offered knowledge of Shock by Vehumet.
  6879 | D:7      | Reached skill level 9 in Earth Magic
  6968 | D:7      | Found a stormy altar of Qazlal.
  7598 | D:7      | Found Hilul's Wicked Wares.
  7602 | D:7      | Found a basalt altar of Yredelemnul.
  7608 | D:7      | Reached ** piety under Vehumet
  7608 | D:7      | Offered knowledge of Magic Dart by Vehumet.
  8021 | D:7      | You fall into a shaft and drop 2 floors!
  8027 | D:9      | Noticed a troll
  8052 | D:9      | Noticed a two-headed ogre
  8096 | D:8      | Noticed a two-headed ogre
  8112 | D:8      | Reached skill level 10 in Earth Magic
  8117 | D:8      | Noticed Grum
  8118 | D:8      | Slain by a wolf

Illustrated notes

Levels and vault maps discovered:
D:1:      dpeg_arrival_water_temple_mockup, layout_basic
D:2:      layout_rooms, grunt_temple_overflow_opulence, st_stairs_8
D:3:      layout_basic, gammafunk_ghost_necromancy, serial_glass,
          glass_columns_b, glass_columns_a, feat_on_display,
          chequers_serial_rivers_micro_b, grunt_dithmenos_smoke_and_mirrors
D:4:      layout_loops_ring, lightli_corner_chamber, uniq_grinder, uniq_ijyb
D:5:      layout_cave_pods, minmay_temple_entry_fiery
D:6:      layout_basic, grunt_temple_overflow_cloverleaf, minmay_diced_spiral
D:7:      layout_rooms, lemuel_round_altar, nicolae_qazlal_style_of_elements,
          nicolae_evil_shop
D:8:      layout_rooms, grunt_temple_overflow_diamond, david_lair_shrubbed,
          uniq_grum, uniq_psyche
D:9:      layout_rooms, uniq_erica, uniq_maggie
Temple:   minmay_temple_curvy_loop

Skill      XL: |  1  2  3  4  5  6  7  8  9 |
---------------+----------------------------+-----
Earth Magic    | 4 5 6 7 8 10 | 10.0
Conjurations   | 1 2 3 5 6 8 |  8.2
Spellcasting   | 3 4 5 6 7 |  7.4
Dodging        | |  1.5
Stealth        | |  2.1
Transmutations | |  0.7

Action                   |  1- 3 |  4- 6 |  7- 9 || total
-------------------------+-------+-------+-------++-------
Melee: Short sword       |   125 |    93 |       ||   218
       Scimitar          |       |    10 |    10 ||    20
       Whip              |       |       |   284 ||   284
 Cast: Sandblast         |     9 |    35 |    30 ||    74
       Stone Arrow       |       |     2 |     3 ||     5
       Lee's Rapid Decon |       |       |     5 ||     5
  Use: Scroll            |       |    11 |    12 ||    23
       Potion            |       |       |     9 ||     9
 Stab: Sleeping          |     2 |     3 |     2 ||     7
       Distracted        |       |       |     1 ||     1
Armor: Robe              |    50 |    49 |   159 ||   258
       Skin              |       |       |    15 ||    15
Dodge: Dodged            |    90 |    86 |   202 ||   378
Block: Other             |       |       |    94 ||    94
       Reflection        |       |       |     2 ||     2
       Rpst.: Scimitar   |       |       |     3 ||     3

Table legend: (Time is in decaauts)
 A = Elapsed time spent in this place.
 B = Non-inter-level travel time spent in this place.
 C = Inter-level travel time spent in this place.
 D = Time resting spent in this place.
 E = Time spent auto-exploring this place.
 F = Levels seen in this place.
 G = Mean time per level.
                   A        B        C        D        E       F      G
               +--------+--------+--------+--------+--------+-----+--------+
         Total |   8150 |   7915 |    235 |   1414 |   4974 |  10 |  815.0 |
       Dungeon |   7966 |   7748 |    218 |   1414 |   4813 |   9 |  885.1 |
        Temple |    184 |    167 |     17 |      0 |    161 |   1 |  184.0 |
               +--------+--------+--------+--------+--------+-----+--------+

Top non-repeatable levels by time:
     D:7: 1317 daAuts
     D:1: 1233 daAuts
     D:6: 1208 daAuts
     D:4: 1113 daAuts
     D:5: 1112 daAuts
     D:3: 1001 daAuts
     D:2: 899 daAuts
  Temple: 184 daAuts
     D:9: 44 daAuts
     D:8: 35 daAuts
